 Dungeon Crawl Stone Soup version 0.27.0-1-g7a089689b8 (webtiles) character file.

Game seed: 1645264404021631510

378 garrulousMonolith the Insei (level 6, -7/47 HPs)
             Began as a Gnoll Transmuter on Aug 17, 2021.
             Mangled by Duvessa (9 damage)
             ... on level 5 of the Dungeon.
             The game lasted 00:04:57 (5005 turns).

garrulousMonolith the Insei (Gnoll Transmuter)      Turns: 5005, Time: 00:04:58

Health: -7/47      AC:  6    Str: 10    XL:     6   Next: 74%
Magic:  0/14       EV: 13    Int: 19    God:
Gold:   115        SH:  4    Dex: 13    Spells: 5/15 levels left

rFire    . . .     SeeInvis .     - Unarmed
rCold    + . .     Faith    .   m - +0 buckler
rNeg     . . .     Spirit   .   h - +0 leather armour
rPois    .         Reflect  .   (helmet currently unavailable)
rElec    .         Harm     .   u - +2 cloak
rCorr    .         Rampage  .   (no gloves)
Will     .....                  (boots currently unavailable)
Stlth    ++........             (no amulet)
HPRegen  0.15/turn              A - +6 ring of intelligence
MPRegen  0.14/turn              p - ring of protection from cold

@: appendages (expiring), wereblooded, flying
A: horns 2, talons 2, fangs 1, strong nose, distributed training
a: End Transformation


You were on level 5 of the Dungeon.
You had temporarily grown beastly horns and talons.
You visited 1 branch of the dungeon, and saw 6 of its levels.

You collected 173 gold pieces.
You spent 58 gold pieces at shops.

Inventory:

Hand Weapons
 b - a +1 short sword of draining
Missiles
 g - 19 poisoned darts
Armour
 a - a +0 robe
 e - a +2 chain mail of willpower
 h - a +0 leather armour (worn)
 m - a +0 buckler (worn)
 q - a +0 helmet (melded)
 r - a +0 ring mail
 u - a +2 cloak (worn)
 x - a scarf of invisibility
Magical Staves
 y - a staff of poison
Jewellery
 p - a ring of protection from cold (right hand)
 A - a +6 ring of intelligence (left hand)
 B - a ring of resist corrosion
Wands
 l - a wand of iceblast (7)
Scrolls
 c - a scroll of fear {unknown}
 d - 2 scrolls of vulnerability {unknown}
 i - a scroll of immolation {unknown}
 j - 3 scrolls of identify {unknown}
 k - 3 scrolls of teleportation {unknown}
 n - a scroll of noise {unknown}
 o - a scroll of magic mapping {unknown}
 w - a scroll of holy word {unknown}
Potions
 f - a potion of flight
 s - a potion of mutation {unknown}
 t - a potion of magic {unknown}
 v - a potion of brilliance {unknown}
 z - a potion of berserk rage {unknown}


   Skills:
 + Level 3.3 Fighting
 + Level 2.1 Short Blades
 + Level 2.1 Long Blades
 + Level 2.1 Axes
 + Level 2.1 Maces & Flails
 + Level 2.1 Polearms
 + Level 2.1 Staves
 + Level 2.1 Slings
 + Level 2.1 Bows
 + Level 2.1 Crossbows
 + Level 2.1 Throwing
 + Level 2.1 Armour
 + Level 5.0 Dodging
 + Level 2.1 Stealth
 + Level 2.1 Shields
 + Level 6.9 Unarmed Combat
 + Level 5.4 Spellcasting
 + Level 1.6 Conjurations
 + Level 1.6 Hexes
 + Level 1.6 Summonings
 + Level 1.6 Necromancy
 + Level 1.6 Translocations
 + Level 4.1 Transmutations
 + Level 1.6 Fire Magic
 + Level 1.6 Ice Magic
 + Level 1.6 Air Magic
 + Level 1.6 Earth Magic
 + Level 1.6 Poison Magic
 + Level 2.3 Invocations
 + Level 2.1 Evocations


You had 5 spell levels left.
You knew the following spells:

 Your Spells              Type           Power      Damage    Failure   Level
a - Beastly Appendage     Tmut           42%        N/A       3%          1
b - Wereblood             Tmut           21%        N/A       5%          2
c - Spider Form           Tmut/Pois      8%         N/A       19%         3
d - Ice Form              Ice/Tmut       16%        N/A       52%         4

Your spell library contained the following spells:

 Spells                   Type           Power      Damage    Failure   Level
 Frozen Ramparts          Ice            22%        1d4       30%         3
 Ozocubu's Armour         Ice            11%        N/A       30%         3
 Summon Ice Beast         Ice/Summ       11%        N/A       69%         4
 Metabolic Englaciation   Hex/Ice        5%         N/A       95%         5
 Simulacrum               Ice/Necr       5%         N/A       100%        6


Dungeon Overview and Level Annotations

Branches:
Dungeon (6/15)
 Temple: D:4-7

Altars:
Uskayaw

Shops:
D:4 [

Annotations:
D:5 Dowan, Duvessa


Innate Abilities, Weirdness & Mutations

You have temporarily grown beastly horns and talons.
You have very sharp teeth.
Your uncanny sense of smell can sniff out nearby items.
Your experience applies equally to all skills.


Message History

Your blood is infused with primal strength.
Duvessa hits you with a +1 antimagic rapier.
You feel your power leaking away.
Duvessa hits you with a +1 antimagic rapier.
You feel your power leaking away.
You hit Duvessa but do no damage. Your bite misses Duvessa.
Duvessa hits you with a +1 antimagic rapier!
You feel your power leaking away.
You hit Duvessa but do no damage. You bite Duvessa, but do no damage.
Duvessa says, "My weaknesses are his strengths!"
Duvessa barely misses you.
You hit Duvessa. Your kick misses Duvessa.
Duvessa is lightly wounded.
Duvessa hits you with a +1 antimagic rapier.
You feel your power leaking away.
You hit Duvessa.
Duvessa is lightly wounded.
Your transformation is almost over.
Duvessa barely misses you.
You hit Duvessa. Your kick misses Duvessa.
Duvessa is lightly wounded.
You hit Duvessa.
Duvessa is lightly wounded.
Duvessa hits you with a +1 antimagic rapier!
* * * LOW HITPOINT WARNING * * *
You feel your power leaking away.
It was a potion of flight.
You feel very buoyant.
You fly up into the air.
Duvessa hits you with a +1 antimagic rapier!
* * * LOW HITPOINT WARNING * * *
You feel your power leaking away.
Aiming: Iceblast
Press: ? - help, Shift-Dir - straight line The mass of ice explodes!
The iceblast engulfs Duvessa!!
Duvessa is severely wounded.
You hear a bark!
Dowan, Brother of Duvessa comes into view.
He is wielding a +0 dagger.
Duvessa hits you with a +1 antimagic rapier!
You die...

##.####.###.#####..####.##
#.# #.###.# #..# #.# #.#
#.....# #..# #.# #.#
##....# #..# #.# #.#
#.#..#####..#
#.#####.#.......... #
#....).....#######. .
#.#####e#.##### .
#.).@.....# #.#.#.###.#
.......# #. ###/#..>e ∆ ..
#.#.#... .. # .#.#### # #


You could see Duvessa and Dowan (wandering).

Vanquished Creatures
  A centaur (D:5)
  A howler monkey (D:5)
  A centaur skeleton (D:5)
  2 iguanas
  8 adders
  A shadow imp (D:5)
  An ufetubus (D:4)
  4 worms
  A dart slug (D:2)
  An orc (D:5)
  3 endoplasms
  2 giant cockroaches
  6 goblins
  3 hobgoblins
  17 jackals
  5 quokkas
  4 ball pythons
  3 bats
  2 frilled lizards
  7 kobolds
  6 rats
79 creatures vanquished.

Vanquished Creatures (others)
  A necrophage (D:5)
  A hound zombie (D:5)
  An adder (D:5)
  2 worms (D:5)
5 creatures vanquished.

Grand Total: 84 creatures vanquished

Notes
Turn   | Place    | Note
-------+----------+-------------------------------------------
     0 | D:1      | garrulousMonolith the Gnoll Transmuter began the quest for
                  | the Orb.
     0 | D:1      | Reached XP level 1. HP: 17/17 MP: 6/6
   264 | D:1      | Reached XP level 2. HP: 13/23 MP: 5/7
   930 | D:1      | Reached XP level 3. HP: 25/28 MP: 9/9
  1146 | D:2      | Learned a level 2 spell: Wereblood
  1150 | D:2      | Learned a level 3 spell: Spider Form
  1172 | D:2      | Reached skill level 5 in Spellcasting
  1426 | D:2      | Reached skill level 1 in Invocations
  1600 | D:2      | Reached skill level 1 in Short Blades
  1600 | D:2      | Reached skill level 1 in Long Blades
  1600 | D:2      | Reached skill level 1 in Axes
  1600 | D:2      | Reached skill level 1 in Maces & Flails
  1600 | D:2      | Reached skill level 1 in Polearms
  1600 | D:2      | Reached skill level 1 in Staves
  1600 | D:2      | Reached skill level 1 in Slings
  1600 | D:2      | Reached skill level 1 in Bows
  1600 | D:2      | Reached skill level 1 in Crossbows
  1600 | D:2      | Reached skill level 1 in Throwing
  1600 | D:2      | Reached skill level 1 in Armour
  1600 | D:2      | Reached skill level 1 in Stealth
  1600 | D:2      | Reached skill level 1 in Shields
  1600 | D:2      | Reached skill level 1 in Evocations
  1650 | D:2      | Reached XP level 4. HP: 18/34 MP: 9/11
  2623 | D:3      | Found a faded altar of an unknown god.
  2643 | D:3      | You fall into a shaft and drop 3 floors!
  2657 | D:6      | Reached skill level 1 in Conjurations
  2657 | D:6      | Reached skill level 1 in Hexes
  2657 | D:6      | Reached skill level 1 in Summonings
  2657 | D:6      | Reached skill level 1 in Necromancy
  2657 | D:6      | Reached skill level 1 in Translocations
  2657 | D:6      | Reached skill level 1 in Fire Magic
  2657 | D:6      | Reached skill level 1 in Ice Magic
  2657 | D:6      | Reached skill level 1 in Air Magic
  2657 | D:6      | Reached skill level 1 in Earth Magic
  2657 | D:6      | Reached skill level 1 in Poison Magic
  2898 | D:5      | Entered Level 5 of the Dungeon
  2926 | D:5      | Reached XP level 5. HP: 26/40 MP: 12/12
  2951 | D:5      | Killed a necrophage
  3213 | D:4      | Found Jynis's Armour Emporium.
  3220 | D:4      | Bought a +0 helmet for 58 gold pieces
  3440 | D:3      | Found a hide-covered altar of Uskayaw.
  3440 | D:3      | Noticed a +0 dagger
  3440 | D:3      | Noticed a +0 hand axe
  3562 | D:3      | Learned a level 4 spell: Ice Form
  4240 | D:4      | Reached XP level 6. HP: 18/47 MP: 10/13
  4670 | D:5      | Reached skill level 5 in Dodging
  4983 | D:5      | Noticed Duvessa
  5004 | D:5      | HP: 2/47 [Duvessa (11)]
  5005 | D:5      | Noticed Dowan
  5005 | D:5      | Mangled by Duvessa

Illustrated notes

Levels and vault maps discovered:
D:1:      psy_arrival_dodecagon, layout_basic
D:2:      layout_basic, nrook_uturn
D:3:      layout_basic, dancing_weapons_uskayaw, shapermc_ecumenical_altar_venn,
          amcnicky_mini_corridor_feature
D:4:      layout_rooms, serial_shops,
          nicolae_shop_temple_entry_statues_fountains, nrook_campfire,
          kennysheep_cross_room, minmay_ruptured
D:5:      layout_loops_ring, lemuel_flamethrower_2, uniq_duvessa
D:6:      layout_loops_cross, uniq_pikel

Skill      XL: |  1  2  3  4  5  6 |
---------------+-------------------+-----
Spellcasting   | 5 |  5.4
Invocations    | 1 2 |  2.3
Short Blades   | 1 2 |  2.1
Long Blades    | 1 2 |  2.1
Axes           | 1 2 |  2.1
Maces & Flails | 1 2 |  2.1
Polearms       | 1 2 |  2.1
Staves         | 1 2 |  2.1
Slings         | 1 2 |  2.1
Bows           | 1 2 |  2.1
Crossbows      | 1 2 |  2.1
Throwing       | 1 2 |  2.1
Armour         | 1 2 |  2.1
Stealth        | 1 2 |  2.1
Shields        | 1 2 |  2.1
Evocations     | 1 2 |  2.1
Conjurations   | 1 |  1.6
Hexes          | 1 |  1.6
Summonings     | 1 |  1.6
Necromancy     | 1 |  1.6
Translocations | 1 |  1.6
Fire Magic     | 1 |  1.6
Ice Magic      | 1 |  1.6
Air Magic      | 1 |  1.6
Earth Magic    | 1 |  1.6
Poison Magic   | 1 |  1.6
Fighting       | 3 |  3.3
Transmutations | 4 |  4.1
Dodging        | 5 |  5.0
Unarmed Combat | |  6.9

Action                   |  1- 3 |  4- 6 || total
-------------------------+-------+-------++-------
Melee: Unarmed           |    76 |   161 ||   237
       Kick              |     8 |    21 ||    29
       Headbutt          |     8 |    16 ||    24
       Bite              |     5 |     7 ||    12
       Punch             |     1 |     2 ||     3
 Cast: Beastly Appendage |    16 |    33 ||    49
       Wereblood         |       |     2 ||     2
Evoke: Wand              |       |     1 ||     1
  Use: Potion            |       |     1 ||     1
 Stab: Sleeping          |       |     1 ||     1
Armor: Robe              |     7 |       ||     7
       Leather armour    |    21 |    72 ||    93
Dodge: Dodged            |    62 |   145 ||   207
Block: Buckler           |       |    28 ||    28
